 Dungeon Crawl Stone Soup version 0.30.1-11-g7821555f0a (webtiles) character file.

Game seed: 18274130344940834559

182 H0rd4k the Cudgeller (level 5, -4/39 HPs)
             Began as a Human Artificer on Dec 1, 2023.
             Splashed by a jelly's acid (8 damage)
             ... on level 4 of the Dungeon.
             The game lasted 00:03:10 (2549 turns).

H0rd4k the Cudgeller (Human Artificer)              Turns: 2549, Time: 00:03:12

Health: -4/39      AC:  0    Str: 19    XL:     5   Next: 93%
Magic:  5/5        EV: 12    Int: 13    God:
Gold:   111        SH:  0    Dex: 13    Spells: 4/4 levels left

rFire   . . .        w - +0 flail
rCold   . . .        (no shield)
rNeg    . . .        b - +0 leather armour
rPois   .            (no helmet)
rElec   .            (no cloak)
rCorr   .            (no gloves)
SInv    .            (no boots)
Will    .....        (no amulet)
Stlth   +            g - +6 ring of strength
HPRegen 0.26/turn    (no ring)
MPRegen 0.09/turn

%: no passive effects
@: corroded
A: no striking features
a: no special abilities


You were on level 4 of the Dungeon.
You visited 1 branch of the dungeon, and saw 5 of its levels.

You collected 111 gold pieces.

Inventory:

Hand Weapons
 w - a +0 flail (weapon)
Armour
 b - a +0 leather armour (worn)
Magical Staves
 m - a staff of earth
 r - a staff of air
Jewellery
 g - a +6 ring of strength (left hand)
Wands
 c - a wand of flame (18) (quivered)
 d - a wand of charming (11)
 e - a wand of iceblast (1)
Scrolls
 f - a scroll of noise {unknown}
 j - a scroll of vulnerability {unknown}
 n - a scroll of acquirement {unknown}
 p - 2 scrolls of teleportation {unknown}
 q - 7 scrolls of identify {unknown}
 s - a scroll of magic mapping {unknown}
 t - a scroll of enchant armour {unknown}
 u - a scroll of torment {unknown}
Potions
 a - a potion of curing {unknown}
 h - 2 potions of heal wounds {unknown}
 i - a potion of flight {unknown}
 k - a potion of ambrosia {unknown}
 l - a potion of might {unknown}
 o - a potion of invisibility {unknown}
 v - a potion of mutation {unknown}


   Skills:
 + Level 2.6 Fighting
 + Level 3.1 Maces & Flails
 - Level 2.0 Armour
 + Level 3.0 Dodging
 - Level 1.0 Stealth
 - Level 3.0 Evocations


You had 4 spell levels left.
You didn't know any spells.
Your spell library contained the following spells:

 Spells                   Type           Power      Damage    Failure   Level
 Sandblast                Erth           0%         2d4       36%         1
 Passwall                 Tmut/Erth      0%         N/A       50%         2
 Gell's Gravitas          Tloc           0%         N/A       73%         3
 Stone Arrow              Conj/Erth      0%         3d7       73%         3
 Teleport Other           Tloc           0%         N/A       73%         3
 Dispersal                Tloc           0%         N/A       100%        6


Dungeon Overview and Level Annotations

Branches:
Dungeon (5/15)
 Temple: D:4-7

Altars:
Okawaru
Vehumet


Message History

Your gnoll hits the orc with a +0 spear.
The orc dies!
You hear the brisk rusting of a drain nearby.
Things that are here:
a +0 short sword; a +0 leather armour; an orc corpse What are your orders? t - Shout!
Orders for allies: a - Attack new target. p - Attack previous target. r - Retreat! s - Stop attacking. g - Guard the area. f - Follow me.
Anything else - Cancel.
Guard this area!
There is an open door here.
There's nothing to open nearby.
You hear the brisk rusting of a very distant drain.
You hear the brisk rusting of a very distant drain.
HP restored.
You hear the quick rusting of a distant drain.
A jelly comes into view.
A jelly is nearby!
A jelly is nearby!
A jelly is nearby!
You hit the jelly.
Your hands burn!
The jelly is lightly wounded.
The jelly hits you.
You are splashed with acid!
You hit the jelly but do no damage.
Your hands burn!
The jelly is lightly wounded.
The jelly hits you.
You are splashed with acid!
* * * LOW HITPOINT WARNING * * *
You hit the jelly.
Your hands burn!
* * * LOW HITPOINT WARNING * * *
The jelly is heavily wounded.
The jelly hits you but does no damage.
You sock the jelly! The acid corrodes you!
Your hands burn!
* * * LOW HITPOINT WARNING * * *
The jelly is almost dead.
The jelly barely misses you. The jelly hits you.
* * * LOW HITPOINT WARNING * * *
You are splashed with acid!
You die...

.##
##########......)..##
... #.............>##
### #.#########'####
#.#######.#.#
#.........#.#
#########.#.#
..........#.#
########..#.#
#.@.......#.#
#J######.##.# #.
#.##.# #. #.##.# #.
#.##.# #. #.##.# #.
#.##.# #. #.##.#
#.##.#


You could see a jelly.

Vanquished Creatures
  8 gnolls
  2 adders (D:3)
  A worm (D:2)
  2 dart slugs
  3 orcs (D:3)
  4 ball pythons
  8 endoplasms
  2 giant cockroaches
  7 goblins
  5 hobgoblins
  2 quokkas
  A bat (D:3)
  4 frilled lizards
  4 kobolds
  4 rats
57 creatures vanquished.

Vanquished Creatures (collateral kills)
  An orc (D:4)
1 creature vanquished.

Vanquished Creatures (others)
  A gnoll bouda (D:4)
  A gnoll (D:3)
  A quokka (D:4)
3 creatures vanquished.

Grand Total: 61 creatures vanquished

Notes
Turn   | Place    | Note
-------+----------+-------------------------------------------
     0 | D:1      | H0rd4k the Human Artificer began the quest for the Orb.
     0 | D:1      | Reached XP level 1. HP: 15/15 MP: 1/1
   135 | D:1      | You fall into a shaft and drop 1 floor!
   182 | D:2      | Reached XP level 2. HP: 14/21 MP: 2/2
   590 | D:2      | Reached skill level 1 in Maces & Flails
   757 | D:2      | Reached XP level 3. HP: 26/26 MP: 3/3
  1006 | D:3      | Found a radiant altar of Vehumet.
  1381 | D:3      | Found an iron altar of Okawaru.
  1398 | D:3      | Reached XP level 4. HP: 26/33 MP: 4/4
  1927 | D:3      | Reached XP level 5. HP: 34/39 MP: 5/5
  2380 | D:5      | Entered Level 5 of the Dungeon
  2549 | D:4      | Splashed by a jelly's acid

Illustrated notes

Levels and vault maps discovered:
D:1:      scummos_arrival_checkerplants, layout_loops_corners
D:2:      layout_loops_ring, basic_altar, uniq_robin
D:3:      layout_basic, vehumet_altar_wand_db, okawaru_altar_gauntlet_db,
          kennysheep_generic_room_16
D:4:      layout_basic, dk_yredelemnul_ordeal, gup_sewer_entry_glass
D:5:      layout_rooms, serial_shops, shop

Skill      XL: |  1  2  3  4  5 |
---------------+----------------+-----
Maces & Flails | 1 2 3 |  3.1
Dodging        | 2 3 |  3.0
Fighting       | 2 |  2.6
Armour         | |  2.0
Stealth        | |  1.0
Evocations     | |  3.0

Action                     |  1- 3 |  4- 6 || total
---------------------------+-------+-------++-------
  Melee: Club              |   114 |    27 ||   141
         Punch             |     1 |       ||     1
         Flail             |       |    53 ||    53
  Evoke: Wand              |     9 |    10 ||    19
 Armour: Leather armour    |    33 |    16 ||    49
  Dodge: Dodged            |   103 |    72 ||   175
